 Dungeon Crawl Stone Soup version 0.29.1-12-g30fa7ad0bf (webtiles) character file.

Game seed: 12927821793751317268

478 hawla the Chiller (level 7, -3/52 HPs)
             Began as a Meteoran Ice Elementalist on Jan 6, 2023.
             Slain by an ice beast (5 damage)
             ... on level 5 of the Dungeon.
             The game lasted 00:09:29 (1378 turns).

hawla the Chiller (Meteoran Ice Elementalist)       Turns: 1378, Time: 00:09:30

Health: -3/52      AC:  9    Str:  9    XL:     7   Next: 59%
Magic:  4/15       EV: 13    Int: 23    God:
Gold:   109        SH:  0    Dex: 15    Spells: 7/15 levels left

rFire   . . .      SeeInvis .   g - +2 dagger (flame)
rCold   . . .      Faith    .   (no shield)
rNeg    . . .      Spirit   .   a - +0 robe
rPois   .          Reflect  .   n - +3 helmet "Kivuryma" {rCorr Int+4}
rElec   .          Harm     .   i - +0 cloak
rCorr   +          Rampage  .   k - +1 pair of gloves
Will    .....                   (no boots)
Stlth   +.........              (no amulet)
HPRegen 0.17/turn               f - ring of flight
MPRegen 0.14/turn               (no ring)

@: flying, glowing
A: sense surroundings 1, otherworldly, glowing, explore regen
a: no special abilities


You were on level 5 of the Dungeon.
You visited 1 branch of the dungeon, and saw 5 of its levels.

You collected 109 gold pieces.

Inventory:

Hand Weapons
 g - a +2 dagger of flaming (weapon)
Armour
 a - a +0 robe (worn)
 i - a +0 cloak (worn)
 k - a +1 pair of gloves (worn)
 n - the +3 helmet "Kivuryma" (worn) {rCorr Int+4}
   (You took it off Robin on level 4 of the Dungeon)

   Int:       It affects your intelligence (+4).
   rCorr:     It protects you from acid and corrosion.
Jewellery
 f - a ring of flight (left hand)
Wands
 c - a wand of flame (20)
 o - a wand of roots (7)
Potions
 b - a potion of magic
 d - a potion of attraction
 e - 2 potions of mutation {unknown}
 h - a potion of curing
 j - a potion of heal wounds {unknown}
 l - a potion of degeneration {unknown}
 m - a potion of cancellation {unknown}


   Skills:
 - Level 1.0 Fighting
 - Level 3.0 Dodging
 - Level 1.4 Stealth
 - Level 4.7 Spellcasting
 + Level 5.4 Conjurations
 - Level 6.1 Ice Magic


You had 7 spell levels left.
You knew the following spells:

 Your Spells              Type           Power      Damage    Failure   Level
a - Freeze                Ice            100%       1d11      1%          1
b - Frozen Ramparts       Ice            66%        1d10      2%          3
c - Hailstorm             Conj/Ice       31%        3d8       9%          4

Your spell library contained the following spells:

 Spells                   Type           Power      Damage    Failure   Level
 Ozocubu's Armour         Ice            33%        N/A       2%          3


Dungeon Overview and Level Annotations

Branches:
Dungeon (5/15) Zot: 1620
 Temple: D:4-7

Altars:
Makhleb
Zin

Annotations:
D:5 Ijyb


Innate Abilities, Weirdness & Mutations

You passively map a small area around you.
You are easily found by Zot.
You glow in the dark.
You regain HP and MP as you explore.


Message History

Casting: Hailstorm (dangerous; 9% risk of failure)
Confirm with . or Enter, or press ? or * to list all spells.
Aiming: Freeze (safe; 1% risk of failure)
Press: ? - help, Shift-Dir - straight line, f - orc
Aim: an orc, wielding a +0 hand axe You freeze the orc!
You kill the orc!
The orc throws a boomerang.
The boomerang closely misses you. The ice beast barely misses you.
The orc completely misses you.
Casting: Freeze (safe; 1% risk of failure)
Confirm with . or Enter, or press ? or * to list all spells.
Aiming: Freeze (safe; 1% risk of failure)
Press: ? - help, Shift-Dir - straight line, f - orc
Aim: an orc, wielding a +0 dagger You freeze the orc!
You kill the orc!
The orc throws a boomerang.
The boomerang closely misses you. The ice beast closely misses you.
You closely miss the ice beast.
The ice beast is heavily wounded.
The ice beast barely misses you. The shadow imp gestures at you.
Pain shoots through your body!
* * * LOW HITPOINT WARNING * * *
You hit the ice beast.
You melt the ice beast.
The ice beast is severely wounded.
The orc throws a boomerang.
The boomerang hits you.
* * * LOW HITPOINT WARNING * * *
The ice beast hits you but does no damage.
The orc throws a boomerang.
The boomerang hits you.
* * * LOW HITPOINT WARNING * * *
The orc throws a boomerang.
The boomerang hits you but does no damage.
The shadow imp gestures at you. Pain shoots through your body!
* * * LOW HITPOINT WARNING * * *
The ice beast attacks as you move away! The ice beast hits you.
* * * LOW HITPOINT WARNING * * *
The ice beast freezes you.
You die...

#............. #
.###.......)...# * , ...####
.........).....##,, , .......
..........)5o.#.# * ....#.....
#............#..#* #>.. #....
#..............#.#* ##..# #...
.......$.#.....# #...# #..
.............Y.## #...# #..
.#..(.#.#....#@.#####...# ##.
.....#######............#####..
....# #..###................
.... ...## #...####....P..... ,
#.. **## #...## ###.P...... ,
##..# #.PP.#... , #..##
#P..♣#### , , , #..* ###..# *
#..* ######..##


You could see an ice beast, a shadow imp and an orc.

Vanquished Creatures
  A bullfrog (D:4)
  A scorpion (D:4)
  2 orc priests (D:4)
  2 hounds
  Crazy Yiuf (D:4)
  2 iguanas (D:4)
  An orc wizard (D:4)
  Robin (D:4)
  3 gnolls (D:4)
  An adder (D:4)
  A shadow imp (D:5)
  A white imp (D:5)
  3 ufetubi
  8 orcs
  An endoplasm (D:4)
  A giant cockroach (D:2)
  5 goblins (D:4)
  5 hobgoblins
  5 jackals
  2 quokkas
  A ball python (D:4)
  3 frilled lizards
  5 kobolds
56 creatures vanquished.

Vanquished Creatures (others)
  2 demonic plants (D:5)
  8 plants (D:4)
10 creatures vanquished.

Grand Total: 66 creatures vanquished

Notes
Turn   | Place    | Note
-------+----------+-------------------------------------------
     0 | D:1      | hawla the Meteoran Ice Elementalist began the quest for the
                  | Orb.
     0 | D:1      | Reached XP level 1. HP: 14/14 MP: 5/5
    93 | D:3      | Reached XP level 2. HP: 16/20 MP: 4/6
   121 | D:3      | Noticed a hound
   129 | D:3      | Killed a hound
   130 | D:3      | Reached skill level 5 in Ice Magic
   130 | D:3      | Reached XP level 3. HP: 15/26 MP: 0/8
   134 | D:3      | Learned a level 3 spell: Frozen Ramparts
   202 | D:3      | Found a burning altar of Makhleb.
   205 | D:3      | Noticed a cacodemon
   206 | D:3      | Found a glowing silver altar of Zin.
   238 | D:3      | Reached XP level 4. HP: 33/34 MP: 5/9
   341 | D:4      | Reached XP level 5. HP: 15/39 MP: 5/11
   451 | D:4      | Reached skill level 1 in Fighting
   468 | D:4      | Identified the +3 helmet "Kivuryma" {rCorr Int+4}
   468 | D:4      | Noticed Robin
   479 | D:4      | Killed Robin
   480 | D:4      | Reached skill level 6 in Ice Magic
   480 | D:4      | Reached XP level 6. HP: 33/47 MP: 4/13
   534 | D:4      | Learned a level 4 spell: Hailstorm
   633 | D:4      | Reached XP level 7. HP: 52/52 MP: 3/15
   672 | D:4      | Found a runed translucent door.
   673 | D:4      | Noticed Crazy Yiuf
   679 | D:4      | Killed Crazy Yiuf
   874 | D:4      | Reached skill level 5 in Conjurations
  1172 | D:5      | Entered Level 5 of the Dungeon
  1172 | D:5      | Noticed Ijyb
  1378 | D:5      | HP: 2/52 [ice beast (2)]
  1378 | D:5      | Slain by an ice beast

Illustrated notes

Levels and vault maps discovered:
D:1:      eino_arrival_druids_welcome, layout_basic
D:2:      minmay_thinvault, layout_loops_cross,
          hellmonk_ecumenical_altar_lost_god
D:3:      layout_loops_ring, grunt_temple_overflow_order_and_chaos_2,
          dk_vineyard_3, columned_hall_lemuel, uniq_sigmund
D:4:      layout_loops_ring, serial_bayou, serial_bayou_pond_e,
          serial_bayou_lagoon_a, serial_bayou_lagoon_b, serial_bayou_pond_c,
          minivault_5, uniq_robin, uniq_crazy_yiuf_cottage
D:5:      layout_layer_cave, minmay_temple_entry_water_ring, serial_demonic,
          serial_demonic_d, serial_demonic_b, serial_demonic_c,
          serial_demonic_g, chequers_serial_rivers_micro_d, uniq_ijyb

Skill      XL: |  1  2  3  4  5  6  7 |
---------------+----------------------+-----
Spellcasting   | 3 4 |  4.7
Ice Magic      | 5 6 |  6.1
Fighting       | 1 |  1.0
Dodging        | 3 |  3.0
Conjurations   | 4 5 |  5.4
Stealth        | |  1.4

Action                   |  1- 3 |  4- 6 |  7- 9 || total
-------------------------+-------+-------+-------++-------
Melee: Unarmed           |     2 |     3 |       ||     5
       Dagger            |       |     1 |     9 ||    10
 Cast: Freeze            |    14 |    29 |     8 ||    51
       Frozen Ramparts   |     2 |    13 |     5 ||    20
       Hailstorm         |       |     3 |     5 ||     8
  Use: Scroll            |     2 |       |     2 ||     4
       Potion            |       |     2 |     1 ||     3
Armor: Robe              |     2 |     5 |     8 ||    15
Dodge: Dodged            |     6 |    31 |    17 ||    54
